 Dungeon Crawl Stone Soup version 0.31-a0-636-ge1c0e020e0 (webtiles) character file.

Game seed: 13833902774064818967

84749 rddays123 the Warrior (level 15, -7/135 HPs)
             Began as a Minotaur Fighter on Aug 27, 2023.
             Was the Champion of Hepliaklqana.
             Shot with a sling bullet by a centaur warrior (13 damage)
             ... on level 14 of the Dungeon.
             The game lasted 01:22:05 (25763 turns).

rddays123 the Warrior (Minotaur Fighter)           Turns: 25763, Time: 01:22:06

Health: -7/135     AC: 20    Str: 42    XL:     15   Next: 36%
Magic:  21/21      EV: 18    Int:  5    God:    Hepliaklqana [******]
Gold:   1022       SH:  5    Dex: 10    Spells: 14/14 levels left

rFire   + . .        d - +3 broad axe (drain)
rCold   + . .        c - +0 buckler
rNeg    . . .        B - +1 plate armour {rC+}
rPois   .            (helmet restricted)
rElec   +            b - +0 cloak {rF+}
rCorr   .            (no gloves)
SInv    .            a - +2 pair of boots of Hepliaklqana's Whim {rElec Str+5}
Will    +....        G - amulet of faith Stlth
                     N - ring of Zefuv {rElec EV+5 Str+3}
HPRegen 0.42/turn    z - +6 ring of strength
MPRegen 0.17/turn

%: faith
@: studying Dodging, invisible
A: reduced essence, horns 2, retaliatory headbutt
a: Renounce Religion, Recall Ancestor, Ancestor Identity, Transference, Idealise


You were on level 14 of the Dungeon.
You worshipped Hepliaklqana.
Hepliaklqana was exalted by your worship.
You visited 4 branches of the dungeon, and saw 22 of its levels.
You also visited: Ossuary and Volcano.

You collected 2130 gold pieces.
You spent 1108 gold pieces at shops.

Inventory:

Hand Weapons
 d - a +3 broad axe of draining (weapon)
 i - a +2 heavy war axe
 L - a +1 whip of freezing
 Y - a +4 eveningstar
Missiles
 u - 2 throwing nets
Armour
 a - the +2 pair of boots of Hepliaklqana's Whim (worn) {rElec Str+5}
   (You found it on level 5 of the Lair of Beasts)

   Str+5:     It affects your strength (+5).
   rElec:     It insulates you from electricity.
 b - a +0 cloak of fire resistance (worn)
 c - a +0 buckler (worn)
 B - a +1 plate armour of cold resistance (worn)
 R - a +1 pair of boots of flying
 S - a +2 cloak of preservation
 X - a scarf of invisibility
Jewellery
 e - a ring of protection from cold
 o - a ring of willpower
 w - an amulet of the acrobat
 z - a +6 ring of strength (right hand)
 G - an amulet of faith (around neck)
 K - a ring of resist corrosion
 N - the ring of Zefuv (left hand) {rElec EV+5 Str+3}
   (You found it on level 5 of the Lair of Beasts)

   [ring of evasion]

   EV+5:      It affects your evasion (+5).
   Str+3:     It affects your strength (+3).
   rElec:     It insulates you from electricity.
 O - a ring of protection from fire
 W - a +4 ring of slaying
 Z - a +4 ring of protection
Wands
 t - a wand of mindburst (25)
 E - a wand of acid (18)
 H - a wand of digging (2)
 J - a wand of roots (22)
 P - a wand of polymorph (8)
 U - a wand of flame (28)
 V - a wand of paralysis (18)
Scrolls
 g - 3 scrolls of poison
 h - 8 scrolls of teleportation
 r - 4 scrolls of blinking
 s - 3 scrolls of immolation
 v - 3 scrolls of fear
 x - 3 scrolls of vulnerability
 y - 7 scrolls of fog
 C - 2 scrolls of enchant armour {unknown}
 F - 4 scrolls of revelation
 I - 2 scrolls of silence
Potions
 f - 2 potions of mutation
 j - 3 potions of lignification
 k - 3 potions of haste
 l - 5 potions of enlightenment
 m - 4 potions of heal wounds
 n - a potion of resistance
 p - 2 potions of curing
 A - 4 potions of cancellation
 D - 10 potions of ambrosia
 M - 3 potions of invisibility
 Q - a potion of might
 T - 3 potions of brilliance


   Skills:
 + Level 18.9 Fighting
 - Level 18.0 Axes
 - Level 9.7 Armour
 + Level 14.2 Dodging
 - Level 5.9 Shields
 - Level 10.0 Invocations


You had 14 spell levels left.
You didn't know any spells.
Your spell library contained the following spells:

 Spells                   Type           Power      Damage    Failure   Level
 Foxfire                  Conj/Fire      0%         2x1d4     94%         1
 Necrotise                Necr           0%         1d4       94%         1
 Sandblast                Erth           0%         2d4       94%         1
 Slow                     Hex            0%         N/A       94%         1
 Sting                    Tmut/Pois      0%         1d3       94%         1
 Cigotuvi's Dreadful Rot  Necr/Pois/Air  0%         N/A       98%         2
 Passwall                 Tmut/Erth      0%         N/A       98%         2
 Poisonous Vapours        Pois/Air       0%         N/A       98%         2
 Static Discharge         Conj/Air       0%         2-2/arc   98%         2
 Confusing Touch          Hex            0%         N/A       100%        3
 Ignite Poison            Fire/Tmut/Pois 0%         N/A       100%        3
 Mephitic Cloud           Conj/Pois/Air  0%         N/A       100%        3
 Stone Arrow              Conj/Erth      0%         3d7       100%        3
 Vampiric Draining        Necr           0%         2d6       100%        3
 Airstrike                Air            0%         2d(0-16)  100%        4
 Anguish                  Hex/Necr       0%         N/A       100%        4
 Animate Armour           Summ/Erth      0%         N/A       100%        4
 Cause Fear               Hex            0%         N/A       100%        4
 Manifold Assault         Tloc           0%         N/A       100%        4
 Olgreb's Toxic Radiance  Pois           0%         N/A       100%        4
 Sticky Flame             Conj/Fire      0%         2d3       100%        4
 Summon Lightning Spire   Summ/Air       0%         N/A       100%        4
 Agony                    Necr           0%         N/A       100%        5
 Alistair's Intoxication  Tmut/Pois      0%         N/A       100%        5
 Fireball                 Conj/Fire      0%         3d3       100%        5
 Freezing Cloud           Conj/Ice/Air   0%         6-21      100%        5
 Lee's Rapid Deconstruct  Erth           0%         3d4*      100%        5
 Dispersal                Tloc           0%         N/A       100%        6
 Plasma Beam              Fire/Air       0%         2x1d10    100%        6
 Starburst                Conj/Fire      0%         6d3       100%        6
 Enfeeble                 Hex            0%         N/A       100%        7
 Discord                  Hex            0%         N/A       100%        8
 Disjunction              Tloc           0%         N/A       100%        8
 Ignition                 Fire           0%         3d3       100%        8
 Dragon's Call            Summ           0%         N/A       100%        9


Dungeon Overview and Level Annotations

Branches:
Dungeon (14/15)            Temple (1/1) D:4            Lair (5/5) D:9
 Shoals (0/4) Lair:3        Snake (0/4) Lair:2        Slime (0/5) Lair:5
    Orc (2/2) D:12            Elf (0/3) Orc:2        Vaults (0/5) D:13
Ossuary (visited)         Volcano (visited)

Altars:
Ashenzari
Cheibriados
Dithmenos
Elyvilon
Fedhas
Gozag
Hepliaklqana
Kikubaaqudgha
Makhleb
Nemelex Xobeh
Okawaru
Qazlal
Ru
Sif Muna
Trog
Uskayaw
Vehumet
Wu Jian
Xom
Yredelemnul
Zin
The Shining One
Jiyva

Shops:
D:7 :   D:8 [   Orc:2 *[=(

Annotations:
D:4 3 runed translucent doors, howech's ghost, novice MiBe
Lair:5 Rupert


Innate Abilities, Weirdness & Mutations

Your life essence is reduced to manifest your ancestor. (-10% HP)
You have a pair of horns on your head.
You reflexively headbutt those who attack you in melee.


Message History

The stone arrow hits the slime creature!!
The centaur warrior shoots a sling bullet.
The sling bullet completely misses you.
Vojtech gestures at the slime creature while chanting.
The stone arrow hits the slime creature!
Vojtech hits the slime creature with a +0 quarterstaff!
The slime creature dies!
The centaur warrior shoots an arrow.
The arrow hits you!
The centaur warrior shoots a sling bullet.
The sling bullet hits Vojtech!!
The sling bullet burns Vojtech.
Vojtech hits the centaur warrior with a +0 quarterstaff!
The centaur warrior shoots a sling bullet.
The sling bullet hits Vojtech!!
The sling bullet burns Vojtech.
The centaur warrior shoots an arrow.
The arrow hits you!
The centaur warrior shoots a sling bullet.
The sling bullet hits Vojtech!
Vojtech is destroyed!
The centaur warrior shoots an arrow.
You block the arrow.
The centaur warrior shoots an arrow.
The arrow hits you!
Two slime creatures merge to form a large slime creature.
The centaur warrior shoots an arrow.
The arrow barely misses you.
The centaur warrior shoots a sling bullet.
The sling bullet hits you! The sling bullet burns you.
The centaur warrior shoots an arrow.
The arrow hits you.
The centaur warrior shoots a sling bullet.
The sling bullet hits you!!
* * * LOW HITPOINT WARNING * * *
The sling bullet burns you.
* * * LOW HITPOINT WARNING * * *
The centaur warrior shoots an arrow.
The arrow hits you!
* * * LOW HITPOINT WARNING * * *
The centaur warrior shoots a sling bullet.
The sling bullet hits you!
* * * LOW HITPOINT WARNING * * *
The sling bullet burns you.
* * * LOW HITPOINT WARNING * * *
You fade into invisibility!
The centaur warrior shoots a sling bullet.
The sling bullet hits you!
You die...

#....(........#
+!.........>..##### #
####........†....#.#.#.###
....J.cJ.cJ..J...........#
...J..J.....##c.##.#.#####
....##########............
.... #...#.#.##### ....
#...#..... ....
#..@###.### ....
#......<... ....
#..######## .... #..#
###..###...
######..........
#.........###.##
#.........# #(........#


You could see a slime creature (unable to see you) and a centaur warrior (unable
to see you).

Vanquished Creatures
  An orc warlord (Orc:2)
  A fire dragon (Volcano)
  The ghost of Dittersdorf the Fighter, a journeyman GrFi of Gozag (Lair:2)
  Snorg (D:10)
  4 hydras
  3 catoblepae
  A centaur warrior (D:13)
  5 two-headed ogres
  3 death yaks (Lair:5)
  A boulder beetle (D:14)
  An orc high priest (Orc:2)
  Urug (D:11)
  A fire crab (Lair:3)
  2 skysharks
  A deep elf pyromancer (D:13)
  An orc knight (Orc:1)
  A wolf spider zombie (D:12)
  3 cyclopes
  4 orc sorcerers (Orc:2)
  An ugly thing (D:11)
  An oklob plant (Lair:3)
  10 elephants
  3 salamanders (Volcano)
  5 manticores
  5 cane toads
  4 black mambas
  2 gargoyles
  2 kobold demonologists (D:11)
  An unseen horror (D:10)
  9 rime drakes
  7 komodo dragons
  5 trolls
  2 polar bears
  3 meliai (Lair:4)
  6 slime creatures
  3 centaur simulacra (D:10)
  A shadow (D:12)
  4 vampires
  4 basilisks
  27 yaks
  3 fire bats (Volcano)
  2 steam dragons (Volcano)
  Eustachio (D:5)
  13 wyverns
  6 vampire mosquitoes (D:13)
  A warg (Orc:2)
  A hydra simulacrum (Lair:2)
  4 nagas (Lair:2)
  8 water moccasins
  Duvessa (D:7)
  32 orc warriors
  2 ice beasts (D:10)
  2 black bears
  8 wolves
  9 ogres
  9 centaurs
  2 phantoms
  A lemure (D:6)
  4 kobold brigands
  11 bullfrogs
  Dowan (D:7)
  6 wights
  17 killer bees
  A rime drake simulacrum (Lair:2)
  A howler monkey (D:7)
  3 electric eels
  4 centaur zombies
  A jelly (D:7)
  2 komodo dragon simulacra (Lair:2)
  5 hounds
  20 orc priests
  A water moccasin simulacrum (Lair:2)
  A gnoll bouda (D:5)
  3 iguanas
  15 orc wizards
  6 hell rats
  4 mummies (Ossuary)
  10 gnolls
  7 adders
  2 shadow imps (D:6)
  A howler monkey simulacrum (D:10)
  3 white imps
  67 orcs
  6 bats
  2 endoplasms
  6 giant cockroaches
  2 gnoll zombies (Ossuary)
  6 goblins
  2 hobgoblins
  12 jackals
  17 kobolds
  6 quokkas
  4 ball pythons
  A goblin zombie (Ossuary)
  3 hobgoblin zombies (Ossuary)
  An orc zombie (Ossuary)
  6 rats
516 creatures vanquished.

Vanquished Creatures (collateral kills)
  A catoblepas (Lair:5)
  3 hydras
  A two-headed ogre (D:11)
  A death yak (Lair:5)
  A boulder beetle (D:13)
  2 orc high priests (Orc:2)
  Pikel (D:6)
  A deep elf pyromancer (D:12)
  An ugly thing (D:13)
  3 orc knights
  A cyclops (D:11)
  An orc sorcerer (Orc:1)
  3 elephants
  3 centaur zombies (D:12)
  Joseph (D:7)
  2 cane toads (Lair:4)
  7 rime drakes
  Maggie (D:7)
  5 komodo dragons
  A queen bee (Lair:4)
  A polar bear (D:10)
  A hornet (D:7)
  2 slime creatures
  A vampire (D:12)
  A spriggan (Lair:3)
  4 wyverns
  A shadow (D:12)
  5 fire bats (Volcano)
  19 yaks
  2 basilisks (Lair:3)
  A human (shapeshifter) (D:13)
  2 steam dragons (Volcano)
  A vampire mosquito (D:13)
  2 wargs
  A naga (Lair:2)
  3 water moccasins
  An acid dragon (D:9)
  13 orc warriors
  A sky beast (D:7)
  2 wolves (Lair:4)
  3 ogres
  8 centaurs
  2 kobold brigands (D:11)
  3 bullfrogs
  4 wights
  9 killer bees (Lair:4)
  3 electric eels
  A howler monkey (D:11)
  2 jellies (Lair:5)
  9 orc priests
  A sleepcap (D:7)
  18 orc wizards
  2 hell rats (Lair:4)
  2 gnolls (D:5)
  2 white imps (D:10)
  A howler monkey simulacrum (D:10)
  32 orcs
  A ball python (D:12)
  6 kobolds
213 creatures vanquished.

Vanquished Creatures (others)
  A scorpion (D:6)
  An iguana (D:6)
  18 battlemagi
  3 ancestors
23 creatures vanquished.

Grand Total: 752 creatures vanquished

Notes
Turn   | Place    | Note
-------+----------+-------------------------------------------
     0 | D:1      | rddays123 the Minotaur Fighter began the quest for the Orb.
     0 | D:1      | Reached XP level 1. HP: 19/19 MP: 0/0
   199 | D:1      | Reached XP level 2. HP: 27/27 MP: 1/1
   573 | D:2      | Reached XP level 3. HP: 33/33 MP: 2/2
   611 | D:2      | Found an ancient bone altar of Kikubaaqudgha.
  1230 | D:3      | Found a faded altar of an unknown god.
  1239 | D:3      | Got the Disquisition on Pollution
  1268 | D:3      | Found a glowing golden altar of the Shining One.
  1471 | D:3      | Found a shimmering blue altar of Sif Muna.
  1553 | D:3      | Reached XP level 4. HP: 38/40 MP: 3/3
  1646 | D:3      | Found an ornate altar of the Wu Jian Council.
  1817 | D:4      | Noticed a black bear
  1879 | D:4      | Killed a black bear
  1880 | D:4      | Reached XP level 5. HP: 42/47 MP: 4/4
  1919 | D:4      | Found a staircase to the Ecumenical Temple.
  1930 | Temple   | Entered the Ecumenical Temple
  1984 | Temple   | Became a worshipper of Hepliaklqana the Forgotten
  2476 | D:4      | Found a runed translucent gate.
  2476 | D:4      | Found a runed translucent gate.
  2476 | D:4      | Found a runed translucent gate.
  2476 | D:4      | Noticed howech's ghost (novice MiBe)
  2482 | D:4      | Reached skill level 5 in Fighting
  2482 | D:4      | Reached skill level 5 in Shields
  2560 | D:4      | Reached skill level 5 in Armour
  2682 | D:4      | Noticed an ogre
  2700 | D:4      | Killed an ogre
  2701 | D:4      | Reached XP level 6. HP: 56/56 MP: 5/5
  2727 | D:5      | Entered Level 5 of the Dungeon
  2758 | D:5      | Found a sand-covered staircase.
  2777 | Ossuary  | Entered an ossuary
  3360 | D:5      | Reached skill level 5 in Axes
  3360 | D:5      | Reached XP level 7. HP: 62/62 MP: 6/6
  3398 | D:5      | Reached * piety under Hepliaklqana
  3414 | D:5      | Reached skill level 1 in Invocations
  3573 | D:5      | Found an opulent altar of Gozag.
  4001 | D:5      | Noticed Eustachio
  4007 | D:5      | Killed Eustachio
  4008 | D:5      | Reached XP level 8. HP: 54/65 MP: 7/9
  4495 | D:6      | Found a shimmering altar of Xom.
  4793 | D:6      | Found a burning altar of Makhleb.
  4905 | D:6      | Reached ** piety under Hepliaklqana
  4906 | D:6      | Remembered your ancestor Vojtech as a battlemage
  5045 | D:7      | Noticed Pikel
  5060 | D:6      | Killed Pikel
  5061 | D:6      | Reached skill level 5 in Invocations
  5061 | D:6      | Reached XP level 9. HP: 64/73 MP: 8/12
  5136 | D:7      | Found Cyevet's Book Shop.
  5198 | D:7      | Noticed Duvessa
  5199 | D:7      | Noticed Dowan
  5208 | D:7      | Killed Dowan
  5676 | D:7      | Noticed Joseph
  5680 | D:7      | Killed Joseph
  5798 | D:7      | Killed Duvessa
  5799 | D:7      | Reached skill level 10 in Fighting
  6002 | D:7      | Noticed Maggie
  6013 | D:7      | Killed Maggie
  6014 | D:7      | Reached skill level 10 in Axes
  6014 | D:7      | Reached XP level 10. HP: 60/84 MP: 13/13
  7156 | D:8      | Found Dufeifipp's Antique Armour Shoppe.
  7160 | D:8      | Bought a pair of embroidered boots for 142 gold pieces
  7526 | D:9      | Reached *** piety under Hepliaklqana
  7925 | D:9      | Found an iron altar of Okawaru.
  8037 | D:9      | Found a staircase to the Lair.
  8321 | D:9      | Noticed a two-headed ogre
  8330 | D:9      | Killed a two-headed ogre
  8575 | D:10     | Entered Level 10 of the Dungeon
  8916 | D:10     | Reached XP level 11. HP: 77/95 MP: 14/14
  9200 | D:10     | Noticed Snorg
  9211 | D:10     | Killed Snorg
  9480 | D:11     | Reached **** piety under Hepliaklqana
  9526 | D:11     | Noticed Urug
  9537 | D:11     | Killed Urug
  9549 | D:11     | Identified the +1 scale mail of the Gusle {rC+ Dex+3}
  9872 | D:11     | Noticed a brown ugly thing
 10238 | D:11     | Noticed a two-headed ogre
 10243 | D:11     | Killed a two-headed ogre
 10561 | D:11     | Killed a brown ugly thing
 10649 | D:11     | Reached XP level 12. HP: 53/106 MP: 10/15
 11555 | D:12     | Found a sacrificial altar of Ru.
 11605 | D:12     | Noticed a two-headed ogre
 11611 | D:12     | Killed a two-headed ogre
 11620 | D:12     | Reached skill level 15 in Axes
 11690 | D:12     | Found a staircase to the Orcish Mines.
 12676 | Lair:1   | Entered Level 1 of the Lair of Beasts
 13042 | Lair:1   | Reached ***** piety under Hepliaklqana
 13729 | Lair:2   | Found a staircase to the Snake Pit.
 13939 | Lair:2   | Found a dark tunnel.
 13950 | Volcano  | Entered a volcano
 13952 | Volcano  | Noticed a two-headed ogre
 13958 | Volcano  | Killed a two-headed ogre
 13962 | Volcano  | Reached XP level 13. HP: 109/112 MP: 16/16
 14024 | Volcano  | Reached skill level 1 in Dodging
 14030 | Volcano  | Reached skill level 15 in Fighting
 14458 | Volcano  | Noticed a fire dragon
 14469 | Volcano  | Killed a fire dragon
 15249 | Lair:2   | Found a runed translucent gate.
 15250 | Lair:2   | Found a runed translucent gate.
 15251 | Lair:2   | Found a runed translucent gate.
 15460 | Lair:2   | Noticed Dittersdorf's ghost (journeyman GrFi)
 15498 | Lair:2   | Reached skill level 5 in Dodging
 15509 | Lair:2   | Killed Dittersdorf's ghost
 16596 | Lair:3   | Found a staircase to the Shoals.
 17289 | Lair:3   | Reached skill level 10 in Invocations
 17289 | Lair:3   | Reached XP level 14. HP: 86/121 MP: 20/20
 17758 | Lair:4   | You are sucked into a shaft and drop 1 floor!
 17758 | Lair:5   | Entered Level 5 of the Lair of Beasts
 17804 | Lair:5   | Reached skill level 10 in Dodging
 18221 | Lair:5   | Identified the +2 pair of boots of Hepliaklqana's Whim
                  | {rElec Str+5}
 20319 | Lair:5   | Found a staircase to the Slime Pits.
 20319 | Lair:5   | Found a viscous altar of Jiyva.
 20334 | Lair:5   | Identified the ring of Zefuv {rElec EV+5 Str+3}
 20541 | Lair:5   | Noticed Rupert
 20543 | Lair:5   | Paralysed by Rupert for 5 turns
 21479 | Orc:1    | Entered Level 1 of the Orcish Mines
 21723 | Orc:2    | Entered Level 2 of the Orcish Mines
 21774 | Orc:1    | Identified a scroll of acquirement
 21774 | Orc:1    | Acquired a manual of Dodging
 22400 | Orc:2    | Noticed an orc warlord
 22490 | Orc:2    | Killed an orc warlord
 22666 | Orc:2    | Reached XP level 15. HP: 134/134 MP: 21/21
 22726 | Orc:2    | Found a staircase to the Elven Halls.
 23295 | Orc:1    | Reached ****** piety under Hepliaklqana
 24245 | Orc:2    | Found Maxanoh's Antique Armour Emporium.
 24246 | Orc:2    | Found Kyxtolu's Antique Weapon Shoppe.
 24247 | Orc:2    | Found Ires Wiu's General Store.
 24247 | Orc:2    | Found Notsorr's Jewellery Emporium.
 24352 | Orc:2    | Bought a glowing cloak for 217 gold pieces
 24383 | Orc:2    | Bought a ring of willpower for 350 gold pieces
 24393 | Orc:2    | Bought a scroll of fear for 56 gold pieces
 24393 | Orc:2    | Bought 3 potions of enlightenment for 210 gold pieces
 24393 | Orc:2    | Bought a scroll of silence for 133 gold pieces
 25102 | D:13     | Found a gate to the Vaults.
 25748 | D:14     | Identified the +9 sling of Nukot {flame, Str+7 Int+3}
 25758 | D:14     | HP: 5/135 [centaur warrior/sling bullet (13)]
 25763 | D:14     | Shot with a sling bullet by a centaur warrior

Illustrated notes

Levels and vault maps discovered:
D:1:      dpeg_arrival_ternary, layout_rooms, st_stairs_12
D:2:      layout_loops_cross, basic_altar, chequers_serial_rivers_micro_b
D:3:      layout_loops_cross, tso_oasis_becter,
          nicolae_wu_jian_immortal_techniques, lemuel_crystal_altar,
          serial_rivers, chequers_serial_rivers_micro_b,
          chequers_serial_rivers_micro_e, chequers_serial_rivers_large_a,
          chequers_serial_rivers_micro_e, hellmonk_ecumenical_altar_run_dry
D:4:      layout_basic, temple_hall, ebering_ghost_rock_garden,
          amcnicky_mini_rare_corridor_liquid, kennysheep_generic_room_5
D:5:      layout_gridville, grunt_gozag_statues, chequers_ossuary_entry_cave,
          ebering_dispersal_statue_hall, uniq_eustachio
D:6:      layout_cave_pools, makhleb_blood_cavern_becter, xom_confusion_cloud,
          patterned_corridor
D:7:      layout_basic, serial_shops, shop, uniq_pikel, uniq_maggie,
          uniq_joseph, uniq_duvessa
D:8:      layout_basic, serial_bayou, serial_bayou_shore_b,
          serial_bayou_lagoon_a, serial_bayou_crossing, serial_bayou_pond_d,
          serial_shops, nicolae_square_shop, minmay_holes,
          nicolae_elevator_lobby_plus
D:9:      layout_loops_corners, okawaru_ov_weapons_minmay, lair_entry_dummy
D:10:     layout_basic, serial_ice, serial_ice_h, serial_ice_b, serial_ice_j,
          serial_ice_g, serial_ice_o, uniq_snorg
D:11:     layout_rooms, special_room [special_room_orc], serial_bayou_lagoon_b,
          uniq_urug
D:12:     layout_irregular_city, david_orc_4, serial_undead, serial_undead_f,
          serial_undead_a, serial_undead_b, serial_undead_b,
          hangedman_decor_peaks_small, nicolae_ru_great_annihilating_truth
D:13:     layout_loops_cross, david_vaults_4
D:14:     layout_basic, gammafunk_ghost_fury_of_okawaru
Temple:   nicolae_temple_no_exploring_needed
Lair:1:   layout_gridlike
Lair:2:   layout_regular_city, minmay_snake_entry_guardpost_medium,
          gammafunk_ghost_icy, enter_volcano_1, serial_bayou_shore_a,
          lemuel_fruit_fields
Lair:3:   layout_roguey [special_room_mythical_zoo],
          minmay_shoals_entry_centaurs, nicolae_quartered_pool_super,
          grunt_forest_large_clearing_hut, infiniplex_staircase_pool_2
Lair:4:   layout_roguey [special_room_bee]
Lair:5:   evilmike_catoblepas_cave, layout_layer_cave,
          minmay_slime_entry_pillars, lemuel_fruit_tree, grunt_megastairs_5,
          serial_bayou_shore_b, uniq_rupert
Orc:1:    layout_caves
Orc:2:    st_orc_congregation, layout_diamond_mine

Skill      XL: |  1  2  3  4  5  6  7  8  9 10 11 12 13 14 15 |
---------------+----------------------------------------------+-----
Shields        | 4 5 |  5.9
Fighting       | 4 5 7 8 10 12 14 15 18 | 18.9
Armour         | 4 5 6 9 |  9.7
Axes           | 3 4 5 6 8 10 12 14 17 18 | 18.0
Invocations    | 3 5 6 10 | 10.0
Dodging        | 8 12 14 | 14.2

Action                     |  1- 3 |  4- 6 |  7- 9 | 10-12 | 13-15 || total
---------------------------+-------+-------+-------+-------+-------++-------
  Melee: War axe           |   107 |   114 |   142 |    11 |       ||   374
         Headbutt          |    14 |    20 |    16 |    86 |   146 ||   282
         Broad axe         |       |       |       |   370 |   479 ||   849
         Eveningstar       |       |       |       |       |   127 ||   127
 Invoke: Recall Ancestor   |       |       |     1 |     2 |     4 ||     7
         Ancestor Life: Ba |       |       |     1 |       |       ||     1
         Idealise          |       |       |       |     1 |     4 ||     5
    Use: Potion            |       |     3 |     4 |     2 |     2 ||    11
         Scroll            |       |     8 |     7 |    10 |     7 ||    32
   Stab: Distracted        |       |       |     1 |     1 |    13 ||    15
         Paralysed         |       |       |       |     1 |       ||     1
         Petrified         |       |       |       |       |     2 ||     2
 Armour: Scale mail        |    59 |    53 |    16 |       |       ||   128
         Chain mail        |       |       |    36 |       |       ||    36
         Plate armour      |       |       |       |   171 |   301 ||   472
  Dodge: Dodged            |    59 |    65 |    64 |   168 |   329 ||   685
  Block: Buckler           |    28 |    33 |    44 |    95 |   121 ||   321

Table legend: (Time is in decaauts)
 A = Elapsed time spent in this place.
 B = Non-inter-level travel time spent in this place.
 C = Inter-level travel time spent in this place.
 D = Time resting spent in this place.
 E = Time spent auto-exploring this place.
 F = Levels seen in this place.
 G = Mean time per level.
                   A        B        C        D        E       F      G
               +--------+--------+--------+--------+--------+-----+--------+
         Total |  25708 |  24817 |    891 |   6986 |  12187 |  24 | 1071.2 |
       Dungeon |  13844 |  13267 |    577 |   3510 |   7142 |  14 |  988.9 |
        Temple |     61 |     54 |      7 |      0 |      0 |   1 |   61.0 |
          Lair |   7752 |   7525 |    227 |   2322 |   4014 |   5 | 1550.4 |
  Orcish Mines |   2862 |   2783 |     79 |    749 |    755 |   2 | 1431.0 |
       Ossuary |    335 |    335 |      0 |    109 |      0 |   1 |  335.0 |
       Volcano |    852 |    852 |      0 |    296 |    276 |   1 |  852.0 |
               +--------+--------+--------+--------+--------+-----+--------+

Top non-repeatable levels by time:
  Lair:4: 1913 daAuts
  Lair:5: 1865 daAuts
   Orc:2: 1788 daAuts
    D:11: 1702 daAuts
  Lair:2: 1544 daAuts
  Lair:3: 1430 daAuts
     D:8: 1300 daAuts
    D:12: 1237 daAuts
     D:6: 1203 daAuts
    D:10: 1171 daAuts
     D:9: 1162 daAuts
     D:5: 1131 daAuts
   Orc:1: 1074 daAuts
  Lair:1: 997 daAuts
     D:7: 942 daAuts
